AoeStats
← ssz

Arabia

509721592Analyzed
1v1 RM · 4d ago on Sep 27, 2026· 46m 20s· 2 players
Game mode
Random Map
Map size
Tiny (2 player)
Population
200
Speed
Normal
Resources
Standard
Victory
Conquest
Starting age
Dark Age
Ending age
Imperial Age
RankedLock teamsTeams togetherTeam positionsShared explorationLock speedFull tech treeHidden civsTurbo modeCheats
Victory
Defeat
🇦🇷 Teutons · Argentina
1675
+13
🇹🇷 Koreans · Türkiye
1599
-13
QB_Tù Trưởng
6:24 Loom
8:49 Feudal Age
9:32 Double-Bit Axe
9:28 Horse Collar
10:29 Horse Collar
15:11 Fletching
15:54 Padded Archer Armor
21:22 Castle Age
19:31 Gold Mining
20:16 Bloodlines
22:43 Scale Barding Armor
22:50 Forging
22:51 Bow Saw
23:33 Wheelbarrow
22:44 Town Watch
24:07 Chain Barding Armor
25:06 Forging
25:54 Elite Skirmisher
26:45 Bodkin Arrow
28:10 Heavy Plow
35:06 Hand Cart
39:39 Imperial Age
38:23 Iron Casting
37:56 Stone Mining
39:45 Cavalier
41:27 Two-Man Saw
40:58 Crop Rotation
41:12 Plate Barding Armor
42:16 Blast Furnace
41:32 Onager
43:46 Conscription
44:45 Leather Archer Armor
44:35 Paladin
ssz
5:03 Loom
9:24 Feudal Age
10:06 Double-Bit Axe
20:08 Castle Age
19:07 Scale Barding Armor
19:45 Fletching
21:19 Crossbowman
23:25 Bodkin Arrow
24:00 Bow Saw
24:33 Town Watch
40:04 Imperial Age
38:30 Ballistics
39:00 Chain Barding Armor
39:39 Light Cavalry
40:15 Arbalester
41:06 Bracer
42:21 Chemistry
Connection lost

Rejoining the realm…

Still unreachable

The connection could not be restored.

Session expired

The server has moved on; the page needs a fresh start.